[Event "Charlotte CC Fall GM-ALTO 2024"]
[Site "Charlotte"]
[Date "2024.11.23"]
[Round "1.2"]
[White "Griffith, Kyron"]
[Black "Gedajlovic, Max"]
[Result "0-1"]
[ECO "C01"]
[WhiteElo "2407"]
[BlackElo "2377"]
[Annotator "RC"]
[PlyCount "116"]
[EventDate "2024.11.22"]
[EventType "tourn"]
[EventCountry "USA"]
[SourceTitle "playchess.com"]
[Source "ChessBase"]
[SourceQuality "1"]
[TimeControl "5400+30"]

1. e4 e6 2. d4 d5 3. Nc3 Bb4 4. exd5 exd5 5. Bd3 Nf6 6. a3 Bd6 7. Bg5 c6 8. Qf3 Be7 9. h3 O-O 10. Nge2 Re8 11. O-O-O b5 12. Ng3 h6 13. Bf4 Na6 14. Rhe1 b4 15. axb4 Nxb4 16. Nf5 Nxd3+ 17. Qxd3 Bxf5 18. Qxf5 Qa5 19. f3 Bb4 20. Rxe8+ Rxe8 21. Nb1 Re6 22. g4 Ne4 23. Be5 Nf2 24. Rf1 Nxh3 25. g5 Nxg5 26. Rg1 Bf8 27. Nc3 Qa1+ 28. Nb1 c5 29. f4 Nf3 30. Rf1 Nxd4 31. Bxd4 cxd4 32. Qxd5 Rd6 33. Qc4 Qa5 34. Nd2 Qa1+ 35. Nb1 h5 36. Rf3 Qa6 37. Nd2 Qxc4 38. Nxc4 Rf6 39. Kd2 g6 40. Kd3 Bh6 41. Ke4 Bg7 42. Ne5 g5 43. f5 Rb6 44. b3 g4 45. Rf1 Bxe5 46. Kxe5 g3 47. Kf4 h4 48. Kg4 d3 49. cxd3 Rb4+ 50. Kh3 Kg7 51. Ra1 Kf6 52. Rxa7 Rxb3 53. Kxh4 g2 54. Ra1 Rxd3 55. Kg4 Rd8 56. Kf4 Rg8 57. Rg1 Rg5 58. Ke4 Rg4+ 0-1

[Event "Charlotte CC Fall GM-ALTO 2024"]
[Site "Charlotte"]
[Date "2024.11.23"]
[Round "1.3"]
[White "Williams, Justus"]
[Black "Ouellet, Maili-Jade"]
[Result "0-1"]
[ECO "E05"]
[WhiteElo "2355"]
[BlackElo "2352"]
[Annotator "RC"]
[PlyCount "54"]
[EventDate "2024.11.22"]
[EventType "tourn"]
[EventCountry "USA"]
[SourceTitle "playchess.com"]
[Source "ChessBase"]
[SourceQuality "1"]
[TimeControl "5400+30"]

1. c4 e6 2. Nf3 d5 3. g3 Nf6 4. d4 Be7 5. Bg2 O-O 6. O-O dxc4 7. Qc2 b5 8. a4 b4 9. Nfd2 Nd5 10. Nxc4 c5 11. dxc5 Ba6 12. Bf4 Bxc5 13. Rd1 Nd7 14. Nbd2 Rc8 15. Qe4 g5 16. Be5 f5 17. Qf3 N5b6 18. Bd6 Bxd6 19. Nxd6 Ne5 20. Qh5 Qxd6 21. Nc4 Qc7 22. Qxg5+ Ng6 23. Nd6 Rcd8 24. Nb5 Rxd1+ 25. Rxd1 Qg7 26. Nd4 Qf6 27. Qe3 Rd8 0-1

[Event "Charlotte CC Fall GM-ALTO 2024"]
[Site "Charlotte"]
[Date "2024.11.23"]
[Round "1.5"]
[White "Padmini, Rout"]
[Black "Stefanov, Emil"]
[Result "1-0"]
[ECO "C55"]
[WhiteElo "2334"]
[BlackElo "2362"]
[Annotator "RC"]
[PlyCount "85"]
[EventDate "2024.11.22"]
[EventType "tourn"]
[EventCountry "USA"]
[SourceTitle "playchess.com"]
[Source "ChessBase"]
[SourceQuality "1"]
[TimeControl "5400+30"]

1. e4 e5 2. Nf3 Nc6 3. Bc4 Nf6 4. d3 Be7 5. O-O O-O 6. Re1 d6 7. a4 Be6 8. Bxe6 fxe6 9. c3 a5 10. Qb3 Qd7 11. Nbd2 h6 12. Nc4 b6 13. Be3 Rf7 14. Qb5 Raf8 15. b4 axb4 16. cxb4 Ng4 17. h3 Nxe3 18. Rxe3 Ra8 19. a5 d5 20. exd5 exd5 21. Rc1 dxc4 22. Qxc4 Bxb4 23. axb6 cxb6 24. Qxc6 Qxc6 25. Rxc6 Ra1+ 26. Kh2 Bc5 27. Rxe5 Bxf2 28. Re2 Bc5 29. d4 Ba3 30. Rxb6 Bc1 31. Rb3 Bf4+ 32. g3 Bd6 33. Kg2 Rd1 34. h4 Rf5 35. Re6 Bf8 36. g4 Rd5 37. Rb8 Kf7 38. Re2 R1xd4 39. Nxd4 Rxd4 40. Rf2+ Kg6 41. Rbxf8 Rxg4+ 42. Kh3 h5 43. Rg2 1-0

[Event "Charlotte CC Fall GM-ALTO 2024"]
[Site "Charlotte"]
[Date "2024.11.23"]
[Round "2.1"]
[White "Stremavicius, Titas"]
[Black "Stefanov, Emil"]
[Result "1-0"]
[ECO "A08"]
[WhiteElo "2545"]
[BlackElo "2362"]
[Annotator "TA"]
[PlyCount "117"]
[EventDate "2024.11.22"]
[EventType "tourn"]
[EventCountry "USA"]
[SourceTitle "playchess.com"]
[Source "ChessBase"]
[SourceQuality "1"]
[TimeControl "5400+30"]

1. Nf3 d5 2. g3 Nf6 3. Bg2 c5 4. O-O g6 5. c4 Bg7 6. Qa4+ Nc6 7. Ne5 Qd6 8. cxd5 {[%emt 0:03:17] The position is equal.} Nxd5 9. Nc4 Qd8 10. Nc3 e6 11. d3 O-O 12. Bd2 Nd4 13. Qd1 b6 14. Rc1 Bb7 15. b4 Nxc3 16. Bxc3 Bxg2 17. Kxg2 b5 18. Nd2 Rc8 19. e3 Nf5 20. Bxg7 Nxg7 21. bxc5 Qxd3 22. Nb3 Qe4+ 23. Qf3 Qxf3+ 24. Kxf3 Rfd8 25. Rfd1 Ne8 {[%emt 0:00:42] Repels Rd6} 26. Rd4 Kf8 27. Rb4 a6 28. a4 bxa4 ({Better is} 28... Nc7 $11) 29. Rxa4 $14 Ra8 30. Nd4 Rdb8 31. Nc6 Rc8 32. Ne5 Ke7 {[%emt 0:01:23] Against Nd7} 33. Rb4 {[%emt 0:02:41] White is much more active.} (33. g4 $16) 33... Rc7 34. Rd1 f6 (34... Nf6 $11) 35. Nd3 e5 36. Ra1 Ng7 {[%emt 0:00:00] [#]} (36... a5 $11) 37. Rb6 (37. Ra5 $1 $16) 37... a5 $11 38. Nb4 Rxc5 39. e4 Ne8 40. Rb7+ Nc7 ({Black should try} 40... Ke6 $11 41. Rb6+ Kf7) 41. Nd5+ $14 Kd6 42. Rb6+ (42. Nxf6 $2 Rf8 43. Ra7 (43. Rb6+ $2 Ke7 $19) 43... Rxf6+ $19) (42. Nxc7 Rxc7 43. Rb6+ Rc6 $17) 42... Kd7 $1 (42... Rc6 $2 43. Rxc6+ Kxc6 44. Rc1+ (44. Nxf6 $2 Rf8 $19) 44... Kd7 45. Rxc7+ $18) 43. Nxf6+ Ke7 44. Nxh7 Rh8 (44... a4 $142) 45. Ng5 $16 Rxh2 {[%emt 0:00:01] A mistake that costs the game.} (45... Rf8+ $16 {keeps fighting.} 46. Kg4 (46. Kg2 Rf6 $18) 46... Rf6 47. Rxf6 Kxf6) 46. Ra2 {[%cal Oa2d2] [#] Black must now prevent Rd2!} (46. Rxg6 Nb5 47. Kg4 (47. Rxa5 $2 Nd4+ 48. Kg4 Rxa5 $19) (47. Re6+ Kd7 $18) 47... Nc3) 46... Rh6 $2 (46... Nb5 47. Kg4 (47. Rxa5 $2 {too greedy.} Nd4+ 48. Kg4 Rxa5 $19) 47... Nd4 48. Rb7+ (48. Rxg6 Kd7 $18) 48... Ke8) 47. Rd2 $18 a4 $2 (47... Rc4 48. Kg4 a4) 48. Rbd6 {White wants to mate with Rd7+.} Rh5 49. Kg4 {[%emt 0:01:22] aiming for Rd7+.} Rxg5+ 50. Kxg5 {[%emt 0:00:02][%mdl 4096] Endgame. KRR-KRN} Ne6+ 51. Kxg6 Nd4 52. Ra6 Rc8 53. Rxa4 Rg8+ 54. Kh7 Rf8 55. Ra7+ Kf6 56. f4 {[%emt 0:00:30] Strongly threatening f5.} Ne6 57. Rd6 exf4 58. gxf4 Rh8+ 59. Kxh8 {[%emt 0:00:30] Weighted Error Value: White=0.14 (very precise) /Black=0.39.  Mistake:       	White=2     	Black=8      Inaccurate:     	White=3     	Black=4      OK:         	White=14    	Black=18     Best:        	White=5     	Black=4      Strong:       	---       	Black=1} 1-0

[Event "Charlotte CC Fall GM-ALTO 2024"]
[Site "Charlotte"]
[Date "2024.11.23"]
[Round "2.2"]
[White "Fernandez, Daniel Howard"]
[Black "Padmini, Rout"]
[Result "1/2-1/2"]
[ECO "B62"]
[WhiteElo "2503"]
[BlackElo "2334"]
[Annotator "RC"]
[PlyCount "133"]
[EventDate "2024.11.22"]
[EventType "tourn"]
[EventCountry "USA"]
[SourceTitle "playchess.com"]
[Source "ChessBase"]
[SourceQuality "1"]
[TimeControl "5400+30"]

1. e4 c5 2. Nf3 d6 3. d4 cxd4 4. Nxd4 Nf6 5. Nc3 Nc6 6. Bg5 e6 7. Qd3 a6 8. O-O-O Bd7 9. Qg3 Qa5 10. Be2 Rc8 11. Nb3 Qc7 12. Kb1 b5 13. a3 Na5 14. Rd4 h6 15. Bxf6 gxf6 16. f4 h5 17. Rhd1 h4 18. Qe1 Nc6 19. R4d3 b4 20. axb4 Nxb4 21. Rh3 Qb6 22. Nc1 a5 23. f5 Rb8 24. fxe6 fxe6 25. Rd2 a4 26. Nd3 Nxd3 27. cxd3 Qd4 28. Rc2 a3 29. Rxh4 Rxh4 30. Qxh4 Rxb2+ 31. Rxb2 axb2 32. Qh5+ Ke7 33. Qh7+ Kd8 34. Kxb2 f5 35. Qg8 Ke7 36. Qg5+ Qf6 37. Qxf6+ Kxf6 38. exf5 Kxf5 39. Kc2 Ke5 40. h4 d5 41. g4 Bc6 42. g5 d4 43. Nb1 Kf4 44. g6 e5 45. Nd2 e4 46. Kd1 Be8 47. h5 exd3 48. Bxd3 Ke3 49. Bf5 d3 50. Nc4+ Kd4 51. Nb2 Bb5 52. Ke1 Bh6 53. Kf2 d2 54. Bg4 Bd3 55. Bd1 Bb5 56. Bf3 Bd3 57. Kg3 Bc2 58. Kg4 Kc3 59. Nd1+ Kd4 60. Nf2 Ke3 61. Kg3 Bf5 62. Bd1 Be6 63. Bc2 Bf4+ 64. Kg2 Bh6 65. Nd1+ Kf4 66. Nc3 Bg4 67. Bd1 1/2-1/2

[Event "Charlotte CC Fall GM-ALTO 2024"]
[Site "Charlotte"]
[Date "2024.11.23"]
[Round "2.3"]
[White "Ouellet, Maili-Jade"]
[Black "Mitrabha, Guha"]
[Result "1/2-1/2"]
[ECO "A10"]
[WhiteElo "2352"]
[BlackElo "2511"]
[Annotator "RC"]
[PlyCount "189"]
[EventDate "2024.11.22"]
[EventType "tourn"]
[EventCountry "USA"]
[SourceTitle "playchess.com"]
[Source "ChessBase"]
[SourceQuality "1"]
[TimeControl "5400+30"]

1. d4 e6 2. c4 f5 3. Nf3 Nf6 4. Nc3 Bb4 5. Qb3 a5 6. g3 b6 7. Bg2 Bb7 8. O-O Bxc3 9. Qxc3 O-O 10. b3 d6 11. Bb2 Nbd7 12. Rad1 Qe8 13. Ne1 Bxg2 14. Nxg2 Qf7 15. Qc2 a4 16. f3 axb3 17. axb3 Rfe8 18. Ra1 Qe7 19. Rxa8 Rxa8 20. Ra1 Rxa1+ 21. Bxa1 g6 22. Qa2 e5 23. Kf1 c5 24. dxe5 dxe5 25. Qa8+ Kf7 26. Qc6 Qe6 27. Qc7 Ke7 28. f4 Qd6 29. Qxd6+ Kxd6 30. Ne3 Ne4 31. Ke1 exf4 32. gxf4 Kc6 33. Kd1 b5 34. Kc2 Nb6 35. Be5 Nf2 36. Bf6 Nh3 37. Be5 Nd7 38. cxb5+ Kxb5 39. Nd5 Nf2 40. Bb2 Kc6 41. Nc3 Nf6 42. h4 Nd5 43. Nxd5 Kxd5 44. Kd2 Ke4 45. Be5 Ng4 46. Bd6 Kd5 47. Be7 c4 48. b4 Kc6 49. Kc3 Kb5 50. Kd4 Nf2 51. Kc3 Ne4+ 52. Kd4 Ng3 53. Ke3 Nf1+ 54. Kd4 Nd2 55. Kc3 Nb3 56. e3 Nc1 57. Kb2 Nd3+ 58. Kc3 Nf2 59. Bf8 Ne4+ 60. Kd4 Nf6 61. Bc5 Nh5 62. Bf8 Ng3 63. Kc3 Nf1 64. Bc5 Nh2 65. Be7 Nf3 66. Bf6 Ne1 67. Be7 Ng2 68. Kd4 h5 69. e4 Nxf4 70. exf5 gxf5 71. Bg5 Nd3 72. Bd2 f4 73. Ke4 Kc6 74. Bc3 Kb6 75. Bd2 Kb5 76. Kf3 Kc6 77. Ke4 Kd6 78. Bc3 Kd7 79. Bd2 Kc6 80. Bc3 Kb5 81. Bd2 Ka4 82. Kf3 Kb5 83. Ke4 Ka6 84. Kf3 Kb7 85. Ke4 Kc7 86. Kf3 Kd7 87. Ke4 Ke6 88. Bc3 Nc1 89. Bd2 Nd3 90. Bxf4 Nxb4 91. Kd4 c3 92. Bg5 Nd5 93. Bc1 c2 94. Kd3 Nb4+ 95. Kc3 1/2-1/2

[Event "Charlotte CC Fall GM-ALTO 2024"]
[Site "Charlotte"]
[Date "2024.11.23"]
[Round "2.4"]
[White "Gedajlovic, Max"]
[Black "Williams, Justus"]
[Result "1/2-1/2"]
[ECO "E45"]
[WhiteElo "2377"]
[BlackElo "2355"]
[Annotator "ChessBase"]
[PlyCount "50"]
[EventDate "2024.11.22"]
[EventType "tourn"]
[EventCountry "USA"]
[SourceTitle "playchess.com"]
[Source "ChessBase"]
[SourceQuality "1"]
[TimeControl "5400+30"]

1. d4 Nf6 2. c4 e6 3. Nc3 Bb4 4. e3 b6 5. Nge2 Ba6 6. a3 Bxc3+ 7. Nxc3 d5 8. b3 Nc6 9. cxd5 Bxf1 10. Kxf1 exd5 11. g3 Na5 12. Bd2 O-O 13. Kg2 Qd7 14. Rc1 Rac8 15. Ne2 Nb7 16. Nf4 Rfd8 17. Bc3 Ne4 18. Qe2 Qe7 19. Bb2 c6 20. h4 Na5 21. Qd1 Nd6 22. Bc3 Qe4+ 23. Kh2 Nab7 24. Re1 Qe7 25. Kg2 Ne4 1/2-1/2

[Event "Charlotte CC Fall GM-ALTO 2024"]
[Site "Charlotte"]
[Date "2024.11.23"]
[Round "2.5"]
[White "Wang, Tianqi"]
[Black "Griffith, Kyron"]
[Result "0-1"]
[ECO "A01"]
[WhiteElo "2323"]
[BlackElo "2407"]
[Annotator "RC"]
[PlyCount "165"]
[EventDate "2024.11.22"]
[EventType "tourn"]
[EventCountry "USA"]
[SourceTitle "playchess.com"]
[Source "ChessBase"]
[SourceQuality "1"]
[TimeControl "5400+30"]

1. b3 e5 2. Bb2 Nc6 3. e3 d5 4. Bb5 Nge7 5. Bxe5 a6 6. Bxc6+ Nxc6 7. Bg3 h5 8. h4 d4 9. Ne2 Bd6 10. Bxd6 Qxd6 11. exd4 Nxd4 12. Nxd4 Qxd4 13. Nc3 O-O 14. Ne2 Re8 15. Kf1 Qd6 16. d4 c5 17. Qd2 Bf5 18. Rd1 Rad8 19. f3 cxd4 20. Nxd4 Qc5 21. Kf2 Bg6 22. c3 b5 23. b4 Qc4 24. Rhe1 Rc8 25. Rxe8+ Rxe8 26. a3 Rc8 27. Rc1 Qc7 28. g3 Qd7 29. Kg2 Qd5 30. Re1 Qc4 31. Re3 Kh7 32. Qe2 Qd5 33. Kh2 Kg8 34. Re8+ Rxe8 35. Qxe8+ Kh7 36. Qe2 Bb1 37. Kg2 Bg6 38. Qb2 Bd3 39. Qb3 Qd7 40. Qd1 Bg6 41. Qa1 Qc7 42. Ne2 Qc4 43. Kf2 Qb3 44. Nd4 Qc4 45. Qb2 Qc8 46. Kg2 Qc4 47. Ne2 Bf5 48. Nf4 g6 49. Kf2 Bc8 50. Qc2 Bf5 51. Qb2 Bc8 52. Qd2 Bb7 53. Ne2 Bd5 54. Nd4 Bb7 55. Qc2 Qc8 56. Qb3 Qd7 57. Qa2 Bd5 58. Qe2 Qh3 59. Qe1 Qh2+ 60. Ke3 Qb2 61. Kf4 Qg2 62. Qe3 Bc4 63. Nc6 Qc2 64. Ke5 Qg2 65. Qf4 Qc2 66. Qe3 Qg2 67. Kf4 Qc2 68. Nd4 Qg2 69. Qe1 Qb2 70. Ke5 Qxa3 71. Kf6 a5 72. g4 axb4 73. gxh5 Qa6+ 74. Kg5 b3 75. Qb1 Kg7 76. h6+ Kh7 77. Nxb3 f6+ 78. Kf4 Qd6+ 79. Ke3 Qe5+ 80. Kf2 Qh2+ 81. Ke3 Qe2+ 82. Kf4 Qe5+ 83. Kg4 0-1

[Event "Charlotte CC Fall GM-ALTO 2024"]
[Site "Charlotte"]
[Date "2024.11.23"]
[Round "3.2"]
[White "Williams, Justus"]
[Black "Wang, Tianqi"]
[Result "1/2-1/2"]
[ECO "E06"]
[WhiteElo "2355"]
[BlackElo "2323"]
[Annotator "RC"]
[PlyCount "57"]
[EventDate "2024.11.22"]
[EventType "tourn"]
[EventCountry "USA"]
[SourceTitle "playchess.com"]
[Source "ChessBase"]
[SourceQuality "1"]
[TimeControl "5400+30"]

1. Nf3 d5 2. c4 e6 3. g3 Nf6 4. Bg2 Be7 5. O-O O-O 6. d4 c6 7. Qc2 b6 8. a4 a5 9. Ne5 Bb7 10. cxd5 cxd5 11. Na3 Nfd7 12. Nd3 Nc6 13. Nb5 Ba6 14. e3 Bxb5 15. axb5 Nb4 16. Nxb4 Bxb4 17. Bd2 Rc8 18. Qd3 Bxd2 19. Qxd2 Nf6 20. b4 axb4 21. Qxb4 Rc4 22. Qa3 Qd7 23. Rfb1 Rfc8 24. Bf1 Rc3 25. Rb3 R3c7 26. Qa6 Qd6 27. Qa3 Qd8 28. Qa6 Qd6 29. Qa3 1/2-1/2

[Event "Charlotte CC Fall GM-ALTO 2024"]
[Site "Charlotte"]
[Date "2024.11.23"]
[Round "3.3"]
[White "Mitrabha, Guha"]
[Black "Gedajlovic, Max"]
[Result "1/2-1/2"]
[ECO "D36"]
[WhiteElo "2511"]
[BlackElo "2377"]
[Annotator "TA"]
[PlyCount "86"]
[EventDate "2024.11.22"]
[EventType "tourn"]
[EventCountry "USA"]
[SourceTitle "playchess.com"]
[Source "ChessBase"]
[SourceQuality "1"]
[TimeControl "5400+30"]

1. c4 e6 2. Nc3 d5 3. d4 Nf6 4. cxd5 exd5 5. Bg5 c6 6. e3 h6 7. Bh4 Be7 8. Bd3 O-O 9. Qc2 Ne8 10. Bg3 Nd6 11. Nge2 Re8 {[%emt 0:00:22] White has an edge.} 12. O-O Bf8 13. Rae1 a5 14. Nf4 Na6 15. a3 {[%emt 0:00:06] Repels Nb4} Nc7 16. f3 Ne6 17. Nfe2 b5 18. e4 Nc4 19. Bf2 {[%emt 0:00:53] Inhibits Ne3.} Ba6 $1 20. Rd1 (20. Bxc4 $11 bxc4 21. Be3) 20... b4 $17 21. axb4 axb4 22. Nb1 Qb6 23. b3 (23. Rde1 $15) 23... Na3 24. Qd2 Red8 25. Bxa6 Qxa6 26. e5 c5 27. dxc5 d4 28. Nxa3 Qxa3 (28... bxa3 {keeps more tension.} 29. b4 d3 30. Nc3 Qc4) 29. Qc2 Bxc5 30. Rd3 Rac8 31. Qb1 $1 Qa8 32. Kh1 Qd5 $36 {[%emt 0:02:46][%mdl 2048] Black is pushing.} 33. Bh4 Re8 (33... g5 $15 34. Bg3 Bb6) 34. f4 $11 Bf8 35. Bg3 (35. Rdd1 $11) 35... g6 (35... Rc3 $1 $17 {[%cal Oe8d8] ...Rd8! would now be deadly.} 36. Nxc3 bxc3) 36. f5 ({Better is} 36. Bh4 $11) 36... gxf5 $15 37. Qd1 Bg7 38. Rff3 {[%emt 0:02:38] [#]} (38. Rxf5 $11 {keeps the balance.} Re7 39. Rf1 (39. Nxd4 Rd7 $17)) 38... Qe4 $1 $17 (38... Bxe5 39. Rxf5 Ng5 (39... f6 40. Bxe5 Ng7 41. Rxd4 $16) 40. Rxd4 $18 (40. Nxd4 Rc3 $15) (40. Nxd4 Rc3 $11)) 39. Nxd4 {[%emt 0:03:55] [#]} (39. Rf1 $17) 39... Nxd4 $2 (39... Red8 $1 $19 40. Ne2 Rxd3 (40... Bxe5 41. Bxe5 Qxe5 42. h3 $17) 41. Rxd3 Ra8 (41... Bxe5 42. Bxe5 Qxe5 43. Rd5 $17)) 40. Rxd4 $11 {[%emt 0:00:24] The position is equal.} Qxd4 41. Qxd4 Rc1+ 42. Qg1 $1 Rxg1+ 43. Kxg1 Bxe5 {[%emt 0:00:39] Weighted Error Value: White=0.28 (precise) /Black=0.22 (precise) .  Missed win:     	---       	Black=1      Mistake:       	White=6     	Black=2      Inaccurate:     	White=4     	Black=4      OK:         	White=8     	Black=12     Best:        	---       	Black=3      Strong:       	White=2     	Black=1} 1/2-1/2

[Event "Charlotte CC Fall GM-ALTO 2024"]
[Site "Charlotte"]
[Date "2024.11.23"]
[Round "3.4"]
[White "Padmini, Rout"]
[Black "Ouellet, Maili-Jade"]
[Result "1/2-1/2"]
[ECO "C54"]
[WhiteElo "2334"]
[BlackElo "2352"]
[Annotator "RC"]
[PlyCount "86"]
[EventDate "2024.11.22"]
[EventType "tourn"]
[EventCountry "USA"]
[SourceTitle "playchess.com"]
[Source "ChessBase"]
[SourceQuality "1"]
[TimeControl "5400+30"]

1. e4 e5 2. Nf3 Nc6 3. Bc4 Bc5 4. O-O Nf6 5. d3 d6 6. c3 a5 7. a4 O-O 8. h3 Be6 9. Bxe6 fxe6 10. Be3 Bxe3 11. fxe3 d5 12. Nbd2 Qd6 13. exd5 exd5 14. Nh2 e4 15. d4 Qg3 16. Qe1 Qg5 17. g4 Rf7 18. Kg2 Qg6 19. Qg3 Raf8 20. Rf4 Ne8 21. Raf1 Nd6 22. R1f2 Qe6 23. Nhf1 Ne7 24. Rxf7 Rxf7 25. Rxf7 Qxf7 26. Qf4 Qe6 27. Ng3 Ng6 28. Qf2 Nh4+ 29. Kg1 Qf7 30. Qxf7+ Kxf7 31. Kf2 Ke6 32. b3 b5 33. axb5 Nxb5 34. c4 Nd6 35. cxd5+ Kxd5 36. Nh5 c5 37. Nf4+ Kc6 38. Ne2 cxd4 39. exd4 Kd5 40. Nb1 Nb5 41. Ke3 Ng2+ 42. Kf2 Nh4 43. Ke3 Ng2+ 1/2-1/2

[Event "Charlotte CC Fall GM-ALTO 2024"]
[Site "Charlotte"]
[Date "2024.11.23"]
[Round "3.5"]
[White "Stefanov, Emil"]
[Black "Fernandez, Daniel Howard"]
[Result "0-1"]
[ECO "D94"]
[WhiteElo "2362"]
[BlackElo "2503"]
[Annotator "TA"]
[PlyCount "68"]
[EventDate "2024.11.22"]
[EventType "tourn"]
[EventCountry "USA"]
[SourceTitle "playchess.com"]
[Source "ChessBase"]
[SourceQuality "1"]
[TimeControl "5400+30"]

1. d4 Nf6 2. c4 g6 3. Nc3 d5 4. Nf3 Bg7 5. e3 O-O 6. cxd5 Nxd5 7. Bc4 Nxc3 8. bxc3 b6 9. Qe2 Bb7 10. O-O c5 11. Ba3 Qc7 12. Rac1 Nd7 13. Rfd1 {[%emt 0:06:35] The position is equal.} a6 14. Bb3 e6 15. c4 Rfd8 16. Bb2 cxd4 17. exd4 Qf4 18. Rc3 Nf6 19. Bc1 Qf5 20. Bc2 Qh5 21. a4 {[%emt 0:05:09] [#]} b5 $1 22. cxb5 (22. axb5 axb5) 22... Nd5 (22... axb5 $142 23. Qxb5 (23. axb5 Rab8 $11) 23... Nd5) 23. Rb3 (23. Rc5 $11) 23... axb5 $17 24. axb5 (24. Qxb5 $2 Ba6 25. Qa5 Bc4 $19 (25... Be2 26. Qe1 $17)) 24... Ra2 (24... Rac8 $15 25. Re1 Nc3) 25. Qd3 ({Better is} 25. Bxg6 $1 $16 Qxh2+ 26. Nxh2 Rxe2 27. Bb1 Bxd4 28. Ng4) 25... Nb6 {[%emt 0:10:20] ...Bxf3 would now be deadly.} 26. Ra3 Bxf3 27. Rxa2 {[%emt 0:05:14] [#]} Bxg2 28. Ra3 $2 (28. Kxg2 $14 {stays ahead.} Qd5+ (28... Bxd4 $2 29. Qf3 $18) 29. Qf3 Qxa2 30. Bb3) 28... Bb7 29. Qg3 {[%emt 0:06:59] [#]} Rc8 $1 $40 {[%emt 0:13:54][%mdl 128] Black goes for the king. Really sharp! Black is more active.} 30. Rc3 (30. Bb3 $17) 30... Rxc3 $19 31. Qxc3 Bf3 $1 {[%emt 0:00:08] ( -> ...Qg4+)} 32. Qc7 Qg4+ 33. Kf1 Qg2+ 34. Ke1 Qg1+ {[%emt 0:00:06] Weighted Error Value: White=0.79/Black=0.17 (very precise) .  Loses game:     	White=2     	---        Mistake:       	White=2     	Black=3      Inaccurate:     	White=1     	---        OK:         	White=4     	Black=5      Best:        	White=1     	Black=2      Strong:       	---       	Black=1} ({Less strong is} 34... Bxd1 35. Bxd1 Qg1+ (35... Bxd4 $2 {too greedy.} 36. Qd8+ Kg7 37. Qxd4+ $18) 36. Ke2 Qg4+ (36... Bxd4 $2 {loses.} 37. Qd8+ Kg7 38. Qxd4+ $18) 37. f3 Qxd4 38. Bb3 $17) 0-1

[Event "Charlotte CC Fall GM-ALTO 2024"]
[Site "Charlotte"]
[Date "2024.11.24"]
[Round "5.1"]
[White "Williams, Justus"]
[Black "Stremavicius, Titas"]
[Result "0-1"]
[ECO "A07"]
[WhiteElo "2355"]
[BlackElo "2545"]
[Annotator "TA"]
[PlyCount "78"]
[EventDate "2024.11.22"]
[EventType "tourn"]
[EventCountry "USA"]
[SourceTitle "playchess.com"]
[Source "ChessBase"]
[SourceQuality "1"]
[TimeControl "5400+30"]

1. Nf3 d5 2. g3 b6 3. Bg2 Bb7 4. d4 e6 5. O-O Nd7 6. c4 {[%emt 0:02:37] A07: Réti Opening: New York and Capablanca Systems.} dxc4 7. Qa4 Ngf6 8. Bg5 a6 9. Bxf6 Qxf6 10. Qxc4 Qd8 $146 ({Predecessor:} 10... c5 11. Nc3 Rc8 12. Rac1 b5 13. Qb3 c4 14. Qc2 Be7 15. Rfd1 Ba8 16. d5 O-O 17. dxe6 {½-½ Husemann,A (2091)-Kurpnieks,V (2055) SA-2011-0-00231}) 11. Nc3 b5 12. Qd3 Be7 13. Rfd1 Rb8 14. d5 e5 $1 (14... Nc5 $2 15. Qe3 O-O 16. b4 $18) 15. Bh3 Bd6 16. a4 bxa4 17. Nxa4 (17. Rxa4 Nc5 18. Qc4 Nxa4 19. Qxa4+ Kf8 $17) 17... O-O 18. Rac1 Nf6 19. e4 Qe8 (19... Bxd5 $5 20. exd5 e4 $15) 20. Nc3 Bc8 21. Bxc8 Qxc8 22. Rc2 Rb4 23. Ra1 Nd7 24. Na2 (24. Rxa6 $2 Nc5 25. Qd1 Qxa6 $19 (25... Nxa6 $2 26. Qb1 $19)) 24... Rb5 (24... Nc5 $2 25. Rxc5 Rxb2 26. Rc2 $18) 25. b4 Qb7 26. Rac1 f5 27. Rc6 Nf6 28. Ng5 (28. exf5 $2 e4 (28... Rxd5 29. Qc4 $14) 29. Qc4 exf3 $19) (28. Nd2 {simplifies} Nxe4 29. Nxe4 fxe4 30. Qxe4 Re8 31. Kg2) 28... fxe4 (28... Nxe4 {simplifies} 29. Nxe4 fxe4 30. Qxe4 g6) 29. Qc4 ({Better is} 29. Nxe4 $11 Nxe4 30. Qxe4) 29... Qa7 (29... Rxd5 $2 30. Nc3 (30. Nxe4 Qb5 $11) 30... Qxb4 31. Nxd5 Qxc4 32. R1xc4 (32. R6xc4 Nxd5 33. Nxe4 Nf6 $18) 32... Nxd5 33. Nxe4 $18 (33. Rxa6 e3 $14)) (29... e3 30. fxe3 Qa7 (30... Bxb4 $2 31. d6+ Kh8 32. dxc7 $18) (30... Rxd5 $2 31. Nc3 $18) 31. Qd3 $11) (29... a5 $1 $15 30. bxa5 Rxa5 (30... Nxd5 $2 31. Nc3 $18) (30... e3 31. a6 $11)) 30. Ne6 $2 {[%emt 0:01:48] [#]} (30. Qe2 $11) 30... Ng4 $1 $19 31. Rc5 $2 (31. Nc5 $17 {nothing else works.} Rxf2 (31... Nxf2 32. Rxa6 Qb8 33. Nd7 $11) 32. Rxa6 Bxc5 33. d6+ (33. Qxb5 $2 Be3 $19) (33. Rxa7 $2 Bxa7 34. d6+ Kf8 $19) 33... Rf7+ 34. bxc5 Qxa6 35. Rf1) 31... Rxf2 $19 (31... Bxc5 32. bxc5 Rxf2 33. d6 cxd6 (33... Rxh2 34. Ng5+ Kh8 35. Nf7+ Kg8 36. Nh6+ Kh8 37. Qg8#) 34. Ng5+ Kh8 35. Qe6 $19) 32. Qxe4 Nf6 (32... Rxa2 33. Qxg4 Bxc5+ 34. bxc5 $11) 33. Qc4 Rb2 34. Kh1 (34. Rf1 {was forced.} R2xb4 (34... Bxc5+ $2 35. bxc5 Rb1 36. Nc1 $19) 35. Nxb4 Rxc5 (35... Bxc5+ $2 36. Nxc5 Rxc5 37. Qxa6 $19) 36. Qxa6 Qxa6 (36... Rxd5+ 37. Qxa7 Rd2 38. Qa8+ Kf7 39. Qc8 h6 40. Qd7+ Be7 41. Qxd2 Kxe6 42. Qa2+ Kd7 43. Qf7) 37. Nxa6) 34... Qb7 (34... Bxc5 $142 35. Nxc5 Qa8) 35. Rc6 $19 Rxd5 (35... Nxd5 $2 {too greedy.} 36. Qg4 g6 (36... Rxa2 37. Qxg7#) 37. Nd8 $18) 36. Nxc7 Bxc7 37. Rxf6 $2 (37. Rxc7 Qb5 38. Rc8+ Kf7 39. Rc7+ Kg6 40. Qxb5 axb5 (40... Rxb5 41. R7c2 $17) 41. R7c2 Rd1+ 42. Rxd1 Rxc2 43. Nc1) 37... gxf6 $19 38. Rd1 Qc6 39. Qg4+ Kf8 0-1